 Dungeon Crawl Stone Soup version 0.31-a0-200-gbc41564c69 (webtiles) character file.

Game seed: 13559434207245893608

27 qw the Shooter (level 2, -1/16 HPs)
             Began as a Deep Elf Hunter on June 25, 2023.
             Slain by a hobgoblin (2 damage)
             ... led by Robin
             ... on level 1 of the Dungeon.
             The game lasted 00:00:14 (558 turns).

qw the Shooter (Deep Elf Hunter)                     Turns: 558, Time: 00:00:15

Health: -1/16      AC:  6    Str:  8    XL:     2   Next: 93%
Magic:  4/4        EV:  8    Int: 13    God:
Gold:   85         SH:  0    Dex: 18    Spells: 1/1 levels left

rFire   . . .        Y - +0 shortbow
rCold   . . .        (shield currently unavailable)
rNeg    . . .        d - +0 scale mail
rPois   .            (no helmet)
rElec   .            (no cloak)
rCorr   .            (no gloves)
SInv    .            (no boots)
Will    .....        (no amulet)
Stlth   +            (no ring)
HPRegen 0.22/turn    (no ring)
MPRegen 0.09/turn

%: no passive effects
@: weak-willed
A: no striking features
a: no special abilities


You were on level 1 of the Dungeon.
You visited 1 branch of the dungeon, and saw 2 of its levels.

You collected 85 gold pieces.


   Skills:
 - Level 1.5 Fighting
 + Level 6.6 Ranged Weapons
 - Level 2.4 Dodging
 - Level 1.2 Stealth


You had one spell level left.
You didn't know any spells.
Your spell library was empty.

Inventory:

Hand Weapons
 Y - a +0 shortbow (weapon)
Armour
 d - a +0 scale mail (worn)
Potions
 f - a potion of heal wounds {unknown}

Dungeon Overview and Level Annotations

Branches:
Dungeon (2/15)

Altars:

Annotations:
D:2 Robin


Message History

The goblin hits you but does no damage.
The jackal bites you but does no damage.
You shoot an arrow. The arrow barely misses the jackal.
The jackal bites you but does no damage. x2
The jackal bites you. The goblin hits you but does no damage.
The jackal bites you but does no damage.
The jackal bites you. The jackal barely misses you.
The jackal closely misses you. The goblin hits you but does no damage.
The hobgoblin barely misses you. The jackal bites you.
The jackal bites you but does no damage. x2
The jackal barely misses you.
554 ||| STAIRDANCE The jackal barely misses you.
The jackal completely misses you. The jackal barely misses you.
The jackal bites you. The goblin closely misses you.
The hobgoblin completely misses you. Robin throws the goblin at you!
You climb upwards.
There is a stone staircase leading down here.
Enter note:
Enter note:
Enter note:
Enter note:
Enter note: You shoot an arrow.
The arrow hits the jackal!
You kill the jackal!
The jackal barely misses you. The jackal bites you.
The jackal bites you but does no damage.
The hobgoblin hits you. The goblin hits you but does no damage.
The jackal bites you. x2; The jackal barely misses you.
You shoot an arrow. The arrow barely misses the jackal.
The jackal bites you but does no damage.
The jackal barely misses you. The jackal completely misses you.
The hobgoblin barely misses you. The goblin hits you with a +0 dagger.
The jackal closely misses you. The jackal barely misses you.
The jackal bites you. The hobgoblin closely misses you.
The goblin hits you but does no damage.
You shoot an arrow. The arrow closely misses the jackal.
The jackal bites you but does no damage.
The jackal barely misses you. The jackal bites you. The hobgoblin hits you.
You die...

# #............##....[#7.7 #.. #
####......#.###.#...#7.7 #.. #
#......#.# #.#...#7<7 #.. #
#####.##.###.#...#7.7 #.. #
#.#......#...#7.7 #.. ###########
#........#...#7.7 #.. ..........#
#........#...#7.7 #.. ..........#
###hh...##...#7.7 #..
..........#####g@h..##...#7.7 #..
..........##...%.g..######7.7##..
............%........# #...####
............%........# #..#####
.....................# #.......
#.##.####............# #.......
#..#.# #............# #.......
.....####............# ########
.....................#


You could see 3 jackals, a hobgoblin and a goblin.

Vanquished Creatures
  2 endoplasms (D:1)
  A giant cockroach (D:1)
  4 goblins (D:1)
  4 hobgoblins (D:1)
  A jackal (D:1)
  3 kobolds (D:1)
  3 quokkas (D:1)
  A bat (D:1)
  3 rats (D:1)
22 creatures vanquished.

Notes
Turn   | Place    | Note
-------+----------+-------------------------------------------
     0 | D:1      | qw the Deep Elf Hunter began the quest for the Orb.
     0 | D:1      | Reached XP level 1. HP: 12/12 MP: 3/3
     0 | D:1      | 0 ||| qw: Version: 0.3-a-22-g0ed2b0b
     0 | D:1      | 0 ||| qw: Game counter: 5503
     0 | D:1      | 0 ||| qw: Melee chars always use a shield: true
     0 | D:1      | 0 ||| qw: God list: Okawaru
     0 | D:1      | 0 ||| qw: Allow faded altars: false
     0 | D:1      | 0 ||| qw: Do Orc after clearing Dungeon:15 true
     0 | D:1      | 0 ||| qw: Do second Lair branch before Depths: true
     0 | D:1      | 0 ||| qw: Lair rune preference: random
     0 | D:1      | 0 ||| qw: Goals: Normal
     0 | D:1      | 0 ||| PLANNING D:1-11
    81 | D:1      | Reached skill level 6 in Ranged Weapons
    81 | D:1      | Reached XP level 2. HP: 16/16 MP: 4/4
   524 | D:1      | 524 ||| UPGRADING to +0 scale mail.
   534 | D:1      | 534 ||| DROPPING +0 leather armour.
   535 | D:1      | 535 ||| READING scroll labelled ASUADW HAUNUFFU.
   536 | D:1      | 536 ||| READING scroll labelled DAPNAV CIRRO.
   537 | D:1      | 537 ||| DROPPING scroll of butterflies.
   551 | D:2      | Noticed Robin
   554 | D:2      | 554 ||| STAIRDANCE
   556 | D:1      | HP: 4/16 [jackal (2)]
   558 | D:1      | HP: 1/16 [jackal (1)]
   558 | D:1      | Slain by a hobgoblin

Levels and vault maps discovered:
D:1:      eino_arrival_tree_alley, layout_basic
D:2:      layout_rooms, hellmonk_ecumenical_altar_watching_god, uniq_robin

Skill      XL: |  1 |
---------------+----+-----
Ranged Weapons | 6 |  6.6
Fighting       | |  1.5
Dodging        | |  2.4
Stealth        | |  1.2

Action                     || total
---------------------------++-------
   Fire: Shortbow          ||    54
    Use: Scroll            ||     2
 Armour: Scale mail        ||    21
  Dodge: Dodged            ||    23

Table legend:
 A = Non-vault XP
 B = Vault XP
 C = Vault XP percentage of total XP
 D = Non-vault monster count
 E = Vault monster count
 F = Vault count percentage of total count
                 A         B        C        D         E       F
            +---------+---------+-------+---------+---------+-------
      Total |      39 |       0 |   0.0 |      22 |       0 |   0.0
            +---------+---------+-------+---------+---------+-------
        D:1 |      39 |       0 |   0.0 |      22 |       0 |   0.0
            +---------+---------+-------+---------+---------+-------
